 Dungeon Crawl Stone Soup version 0.31-a0-876-gfe8ebadbca (webtiles) character file.

Game seed: 6973261569370290526

96822 promet the Fighter (level 16, -3/91 HPs)
             Began as a Vine Stalker Fighter on Oct 12, 2023.
             Was the Champion of Qazlal.
             Slain by a bog body (19 damage)
             ... on level 2 of the Lair of Beasts on Oct 13, 2023.
             The game lasted 03:37:33 (31524 turns).

promet the Fighter (Vine Stalker Fighter)          Turns: 31524, Time: 03:37:34

Health: -3/91      AC: 28    Str: 26    XL:     16   Next: 17%
Magic:  0/22       EV: 12    Int: 10    God:    Qazlal [******]
Gold:   1018       SH:  8    Dex: 19    Spells: 13/15 levels left

rFire   + . .        a - +12 glaive of Prune {freeze, Prune}
rCold   . . .        (shield currently unavailable)
rNeg    . . .        f - +5 scale mail of Xieshrot {rF+ Regen+ rCorr}
rPois   +            h - +2 helmet
rElec   .            s - +2 cloak
rCorr   +            J - +2 pair of gloves
SInv    .            p - +1 pair of boots
Will    ++...        r - amulet of regeneration
Stlth   +            S - +6 ring of strength
HPRegen 2.75/turn    Z - ring of poison resistance
MPRegen 0.18/turn

%: repel missiles, guardian spirit
@: protected from physical damage
A: fangs 3, regeneration 1, magic shield, antimagic bite, no potion heal 2
a: Renounce Religion, Upheaval, Elemental Force, Disaster Area


You were on level 2 of the Lair of Beasts.
You worshipped Qazlal.
Qazlal was exalted by your worship.
You visited 5 branches of the dungeon, and saw 24 of its levels.

You collected 2646 gold pieces.
You spent 1628 gold pieces at shops.

Inventory:

Hand Weapons
 a - the +12 glaive of Prune (weapon) {freeze, Prune}
   (You found it on level 15 of the Dungeon)

   Prune:     It halves damage taken while paralysed, petrified or unconscious.
 b - a +0 arbalest of electrocution
 c - a +1 battleaxe of electrocution
 d - a +4 longbow of flaming
 k - a +1 dire flail of draining
 u - a +1 great sword of holy wrath
 y - a +1 glaive of protection
Missiles
 n - 33 poisoned darts
 o - 4 throwing nets
 q - 21 boomerangs (quivered)
 x - 12 javelins
 O - 3 datura-tipped darts
Armour
 f - the +5 scale mail of Xieshrot (worn) {rF+ Regen+ rCorr}
   (You bought it in a shop on level 2 of the Orcish Mines)

   rF+:       It protects you from fire.
   Regen+:    It increases your rate of health regeneration.
   rCorr:     It protects you from acid and corrosion.
 h - a +2 helmet (worn)
 p - a +1 pair of boots (worn)
 s - a +2 cloak (worn)
 J - a +2 pair of gloves (worn)
Jewellery
 e - a ring of willpower
 g - a ring of resist corrosion
 r - an amulet of regeneration (around neck)
 z - a +4 ring of slaying
 F - an amulet of the acrobat
 I - a +6 ring of strength
 K - a ring of see invisible
 P - a ring of protection from fire
 S - a +6 ring of strength (left hand)
 Z - a ring of poison resistance (right hand)
Wands
 B - a wand of flame (10)
 H - a wand of mindburst (7)
 L - a wand of iceblast (13)
 M - a wand of light (8)
 U - a wand of paralysis (9)
Scrolls
 t - 4 scrolls of fog
 v - 3 scrolls of poison
 G - 6 scrolls of teleportation
 N - a scroll of amnesia
 R - a scroll of immolation
 V - a scroll of identify
 W - a scroll of fear
 Y - a scroll of brand weapon
Potions
 j - 6 potions of curing
 l - 2 potions of attraction
 w - 2 potions of might
 C - a potion of haste
 D - a potion of enlightenment
 E - 3 potions of lignification
 Q - a potion of invisibility
 T - 3 potions of berserk rage
 X - a potion of cancellation
Miscellaneous
 i - a condenser vane (inert)
 m - a lightning rod (1/4)
 A - a box of beasts


   Skills:
 * Level 13.1 Fighting
 + Level 5.6 Long Blades
 + Level 5.5(8.7) Axes
 + Level 3.8(5.2) Maces & Flails
 + Level 9.7(10.3) Polearms
 + Level 10.8 Ranged Weapons
 + Level 3.7 Throwing
 + Level 8.3 Armour
 + Level 4.1 Dodging
 + Level 4.6 Stealth
 + Level 7.3 Shields
 - Level 7.2 Invocations
 * Level 7.1 Evocations


You had 13 spell levels left.
You knew the following spells:

 Your Spells              Type           Power      Damage    Failure   Level
a - Jinxbite              Hex            0%         N/A       75%         2

Your spell library contained the following spells:

 Spells                   Type           Power      Damage    Failure   Level
 Apportation              Tloc           0%         N/A       61%         1
 Necrotise                Necr           0%         1d4       61%         1
 Summon Small Mammal      Summ           0%         N/A       61%         1
 Cigotuvi's Dreadful Rot  Necr/Pois/Air  0%         N/A       75%         2
 Ensorcelled Hibernation  Hex/Ice        0%         N/A       75%         2
 Lesser Beckoning         Tloc           0%         N/A       75%         2
 Sublimation of Blood     Necr           0%         N/A       75%         2
 Dazzling Flash           Conj/Hex       0%         N/A       93%         3
 Gell's Gravitas          Tloc           0%         N/A       93%         3
 Ignite Poison            Fire/Tmut/Pois 0%         N/A       93%         3
 Inner Flame              Hex/Fire       0%         N/A       93%         3
 Summon Guardian Golem    Hex/Summ       0%         N/A       93%         3
 Teleport Other           Tloc           0%         N/A       93%         3
 Volatile Blastmotes      Fire/Tloc      0%         2d10      93%         3
 Anguish                  Hex/Necr       0%         N/A       100%        4
 Dispel Undead            Necr           0%         3d6       100%        4
 Petrify                  Tmut/Erth      0%         N/A       100%        4
 Sticky Flame             Conj/Fire      0%         2d3       100%        4
 Vhi's Electric Charge    Tloc/Air       0%         N/A       100%        4
 Arcjolt                  Conj/Air       0%         1d10      100%        5
 Freezing Cloud           Conj/Ice/Air   0%         6-21      100%        5
 Irradiate                Conj/Tmut      0%         3d11      100%        5
 Yara's Violent Unravell  Hex/Tmut       0%         3d3       100%        5
 Death Channel            Necr           0%         N/A       100%        6
 Plasma Beam              Fire/Air       0%         2x1d10    100%        6
 Starburst                Conj/Fire      0%         6d3       100%        6
 Enfeeble                 Hex            0%         N/A       100%        7
 Malign Gateway           Summ/Tloc      0%         N/A       100%        7
 Orb of Destruction       Conj           0%         9d5       100%        7
 Spellforged Servitor     Conj/Summ      0%         N/A       100%        7
 Ignition                 Fire           0%         3d3       100%        8
 Maxwell's Capacitive Co  Air            0%         ∞         100%        8
 Summon Horrible Things   Summ           0%         N/A       100%        8


Dungeon Overview and Level Annotations

Branches:
Dungeon (15/15)            Temple (0/1) D:5            Lair (5/5) D:10
  Swamp (1/4) Lair:2        Snake (0/4) Lair:2        Slime (0/5) Lair:5
    Orc (2/2) D:12            Elf (0/3) Orc:2        Vaults (0/5) D:13
 Depths (1/4) D:15

Altars:
Cheibriados
Fedhas
Hepliaklqana
Kikubaaqudgha
Okawaru
Qazlal
Trog
Vehumet
Wu Jian
Zin
The Shining One
Jiyva

Shops:
D:1 ?   D:6 :   D:12 :   D:15 =   Orc:1 *?:   Orc:2 **!*

Portals:
Trove: D:13 (show slimy rune of Zot)

Annotations:
D:3 1 runed translucent door, Crazy Yiuf
D:4 1 runed translucent door, Shayle's ghost, amateur HuSh
D:6 3 runed translucent doors, Joey1's ghost, novice MiFi
Lair:5 exclusion: obsidian statue
Orc:1 3 runed translucent doors, Daonol's ghost, journeyman TrBe; Hoexzop's ghost, journeyman TrFi; Sundig's ghost, journeyman MiFi
Depths:1 Nikola


Innate Abilities, Weirdness & Mutations

You have razor-sharp teeth.
Your natural rate of healing is unusually fast.
When hurt, damage is shared between your health and your magic reserves.
Your bite disrupts and absorbs the magic of your enemies.
Potions cannot restore your health.


Message History

The swamp worm fires a harpoon shot at you.
The harpoon shot is repelled.
The spriggan druid calls out to the beasts of the wild! x2
A tyrant leech comes into view.
Fire: d) +4 longbow (flame)
Press: ? - help, Q - select action, (/) - cycle Shift-Dir - straight line, f/p - spriggan druid
Aim: a spriggan druid, wielding a +0 quarterstaff and wearing a +0 robe (moderately wounded, 53% to hit)
You shoot an arrow.
The arrow barely misses the spriggan druid.
A bunyip comes into view.
The bog body casts a spell at you. The bolt of cold hits you!
You feel protected from cold.
The spriggan druid gestures at you while chanting.
The stone arrow hits you!!
Your resistance to cold fades away.
You feel protected from physical attacks.
The goliath frog hits you but does no damage.
Fire: d) +4 longbow (flame)
Press: ? - help, Q - select action, (/) - cycle Shift-Dir - straight line, f/p - spriggan druid
Aim: a spriggan druid, wielding a +0 quarterstaff and wearing a +0 robe (moderately wounded, 53% to hit)
You shoot an arrow. The arrow misses the spriggan druid.
The bunyip howls a warning cry!
The goliath frog hits you from afar!
You are splashed with acid.
You resist.
The goliath frog hits you but does no damage.
The bog body is engulfed in freezing vapours.
The bog body gestures at you while chanting.
The bolt of cold hits you!!!
* * * LOW HITPOINT WARNING * * *
You climb upwards.
Welcome back to the Lair of Beasts!
There is a staircase to the Swamp, spattered with blood here.
Your +4 longbow of flaming stops flaming.
You struggle to resist the curse of the Prune...
a - the +12 glaive of Prune (weapon)
{freeze, Prune} You slash the bog body!
You freeze the bog body. Your bite misses the bog body.
The bog body is heavily damaged.
The bog body touches you!
* * * LOW HITPOINT WARNING * * *
The bog body freezes you!!
You die...

.###..........................≈≈≈
...#.....#.#####......#...##..~~≈
...#....#..#.###....##...###....~
..##....#.....##..............>.~
..##....##....##...##...........~
..##....##....##...#...........~≈
..##....#.##..##§.°###.#..###..~~
..##....P.##.§#§÷§§###..###.#....
##...........§§§@○○..............
.............§°§n☼...............
..............§.§................
.................................
###.####....................)....
♣.~..~~##..........####.#.#.#.#..
♣...~.~.#..........P##P.#..#.##..
~♣♣.♣♣.P#.#....#...##........#...
.♣...♣..####.................##..


You could see a bog body.

Vanquished Creatures
  Rupert (D:14)
  Gastronok (Lair:2)
  Nessos (D:12)
  3 dire elephants (Lair:5)
  An eleionoma (Swamp:1)
  An ettin (Orc:2)
  Harold (Lair:2)
  4 hydras
  8 vault guards (D:13)
  6 ogre magi
  3 alligators (Lair:2)
  A boulder beetle (Lair:2)
  6 two-headed ogres
  Erica (Lair:1)
  2 centaur warriors
  8 death yaks
  A catoblepas (D:13)
  A death knight (D:14)
  A deep troll shaman (D:15)
  3 tengu warriors (D:15)
  A vampire mage (D:15)
  Urug (Lair:3)
  A deep troll earth mage (D:13)
  A fire crab (shapeshifter) (D:15)
  Lodul (D:9)
  A spectral anaconda (Lair:5)
  A spectral death yak (Lair:5)
  A deep troll (D:15)
  2 orc knights
  A wizard (D:15)
  5 necromancers
  2 orc sorcerers (Orc:1)
  A harpy (shapeshifter) (D:14)
  4 deep elf pyromancers
  6 ugly things
  A manticore (D:15)
  3 cyclopes
  8 elephants (Lair:5)
  A torpor snail (Lair:2)
  A black mamba (Lair:1)
  4 molten gargoyles (D:9)
  A dire elephant skeleton (Lair:5)
  Maggie (Lair:2)
  5 gargoyles
  10 cane toads
  A cane toad (shapeshifter) (D:15)
  2 efreet
  An unseen horror (D:13)
  A freezing wraith (D:14)
  A tengu conjurer (D:15)
  A rime drake (Lair:3)
  11 komodo dragons
  An unseen horror zombie (D:9)
  7 trolls
  A meliai (D:13)
  Prince Ribbit (D:8)
  4 hornets
  2 tyrant leeches (Lair:2)
  31 blink frogs
  2 dream sheep (Lair:1)
  9 slime creatures
  3 spriggans
  A shadow (D:11)
  A vampire (D:14)
  3 wraiths (D:14)
  46 yaks
  A culicivora (shapeshifter) (D:13)
  A yak (shapeshifter) (D:13)
  A hog (shapeshifter) (D:14)
  2 wyverns
  A dire elephant simulacrum (Lair:5)
  5 basilisks
  4 vampire mosquitoes (D:11)
  2 swamp worms
  2 acid dragons
  2 nagas (Lair:2)
  9 water moccasins
  Duvessa (D:5)
  34 orc warriors
  4 sky beasts
  3 black bears
  A hornet zombie (D:9)
  7 wolves
  14 ogres
  21 centaurs
  3 elephant skeletons (Lair:5)
  2 kobold brigands (D:12)
  16 bullfrogs
  A necrophage (D:9)
  4 scorpions
  A gnoll sergeant (D:12)
  3 cane toad simulacra (Lair:5)
  3 wights
  6 killer bees
  Dowan (D:5)
  2 elephant simulacra (Lair:5)
  A howler monkey (D:4)
  4 electric eels
  6 centaur zombies (D:9)
  A human zombie (D:9)
  2 gnoll boudas
  4 hounds
  10 orc priests
  Jessica (D:2)
  An iguana (D:5)
  3 sleepcaps
  Natasha (thrice) (D:3)
  14 orc wizards
  A killer bee zombie (D:9)
  A boggart simulacrum (D:14)
  A howler monkey zombie (D:9)
  18 gnolls
  14 adders
  5 ufetubi
  3 worms
  4 dart slugs
  67 orcs
  3 ball pythons
  12 endoplasms
  2 giant cockroaches
  6 goblins
  6 hobgoblins
  6 jackals
  6 kobolds
  7 quokkas
  4 bats
  3 frilled lizards
  6 rats
630 creatures vanquished.

Vanquished Creatures (collateral kills)
  A blink frog (Lair:5)
  2 orc warriors (D:12)
  A gnoll (D:12)
4 creatures vanquished.

Vanquished Creatures (others)
  An orc warrior (Orc:2)
  An orc wizard (Orc:1)
2 creatures vanquished.

Grand Total: 636 creatures vanquished

Notes
Turn   | Place    | Note
-------+----------+-------------------------------------------
     0 | D:1      | promet the Vine Stalker Fighter began the quest for the
                  | Orb.
     0 | D:1      | Reached XP level 1. HP: 11/11 MP: 2/2
    92 | D:1      | Reached XP level 2. HP: 16/16 MP: 3/3
   116 | D:1      | Found Zoxe Ses's Magic Scroll Shoppe.
   566 | D:1      | Reached skill level 3 in Fighting
   570 | D:1      | Found a faded altar of an unknown god.
   610 | D:1      | Reached XP level 3. HP: 14/20 MP: 4/4
  1214 | D:2      | Reached XP level 4. HP: 21/24 MP: 3/5
  1435 | D:2      | Noticed Jessica
  1439 | D:2      | Killed Jessica
  1582 | D:3      | Identified the +1 robe "Eret" {Str+4 Int-3 Dex+5}
  1600 | D:3      | Noticed Natasha
  1607 | D:3      | Killed Natasha
  1608 | D:3      | Reached XP level 5. HP: 18/28 MP: 6/6
  2159 | D:3      | Noticed Natasha
  2172 | D:3      | Killed Natasha
  2181 | D:3      | Noticed Natasha
  2189 | D:3      | Killed Natasha
  2259 | D:3      | Reached skill level 1 in Ranged Weapons
  2259 | D:3      | Reached XP level 6. HP: 27/33 MP: 4/7
  2319 | D:3      | Reached skill level 4 in Fighting
  2354 | D:3      | a bat changed into a sky beast
  2354 | D:3      | Noticed a sky beast
  2361 | D:3      | Killed a sky beast
  2469 | D:3      | Found a snail-covered altar of Cheibriados.
  2675 | D:3      | Found a runed translucent door.
  2676 | D:3      | Noticed Crazy Yiuf
  2929 | D:4      | Found a runed translucent door.
  3081 | D:4      | Reached XP level 7. HP: 38/38 MP: 6/8
  3096 | D:4      | Reached skill level 1 in Dodging
  3228 | D:4      | Found a stormy altar of Qazlal.
  3290 | D:4      | Became a worshipper of Qazlal Stormbringer
  3409 | D:4      | Found a radiant altar of Vehumet.
  3523 | D:4      | Noticed Shayle's ghost (amateur HuSh)
  3929 | D:5      | Entered Level 5 of the Dungeon
  3945 | D:5      | Reached skill level 5 in Fighting
  4265 | D:4      | Gained mutation: You have razor-sharp teeth. [Vine Stalker
                  | growth]
  4265 | D:4      | Reached XP level 8. HP: 41/43 MP: 9/9
  4395 | D:5      | Found a staircase to the Ecumenical Temple.
  4426 | D:5      | Noticed Duvessa
  4426 | D:5      | Noticed Dowan
  4451 | D:5      | Killed Duvessa
  4487 | D:5      | Killed Dowan
  4488 | D:5      | Reached skill level 1 in Stealth
  4720 | D:5      | Reached * piety under Qazlal
  4861 | D:5      | Found a blossoming altar of Fedhas.
  5119 | D:5      | Learned a level 2 spell: Jinxbite
  5209 | D:6      | Reached skill level 1 in Invocations
  5361 | D:6      | Reached skill level 6 in Fighting
  5433 | D:6      | Reached XP level 9. HP: 46/48 MP: 9/11
  5717 | D:6      | Found Qogupsikk's Tremendous Tomes.
  6043 | D:6      | Found a runed translucent gate.
  6044 | D:6      | Found a runed translucent gate.
  6045 | D:6      | Found a runed translucent gate.
  6049 | D:6      | Noticed Joey1's ghost (novice MiFi)
  6507 | D:6      | Reached skill level 5 in Ranged Weapons
  6886 | D:7      | Found a bloodstained altar of Trog.
  6888 | D:7      | Found an ornate altar of the Wu Jian Council.
  6953 | D:7      | Found an iron altar of Okawaru.
  6981 | D:7      | Reached skill level 1 in Polearms
  7017 | D:7      | Found a glowing golden altar of the Shining One.
  7110 | D:7      | Found a hazy altar of Hepliaklqana.
  7325 | D:1      | Bought a scroll of teleportation for 33 gold pieces
  7755 | D:8      | Noticed Prince Ribbit
  7763 | D:8      | Killed Prince Ribbit
  8131 | D:8      | Reached skill level 5 in Long Blades
  8359 | D:8      | Reached XP level 10. HP: 53/53 MP: 12/12
  8820 | D:9      | Reached skill level 7 in Fighting
  8901 | D:9      | Noticed a molten gargoyle
  8971 | D:9      | Reached ** piety under Qazlal
  9152 | D:9      | Noticed a molten gargoyle
  9934 | D:9      | Found an ancient bone altar of Kikubaaqudgha.
 10156 | D:9      | Noticed a molten gargoyle
 10167 | D:9      | Killed a molten gargoyle
 10211 | D:9      | Noticed a molten gargoyle
 10231 | D:9      | Killed a molten gargoyle
 10320 | D:9      | Killed a molten gargoyle
 10320 | D:9      | Reached *** piety under Qazlal
 10321 | D:9      | Reached skill level 5 in Polearms
 10321 | D:9      | Reached skill level 5 in Armour
 10491 | D:9      | Killed a molten gargoyle
 10492 | D:9      | Reached skill level 1 in Axes
 10492 | D:9      | Reached XP level 11. HP: 33/60 MP: 6/13
 10730 | D:10     | Entered Level 10 of the Dungeon
 10739 | D:10     | Reached skill level 8 in Fighting
 10741 | D:10     | Noticed Lodul
 11136 | D:9      | Killed Lodul
 11417 | D:10     | Identified the +1 robe "Kyipnuec" {rPois Will+ Dex+3
                  | Slay-6}
 11547 | D:10     | Noticed a two-headed ogre
 11552 | D:10     | Killed a two-headed ogre
 11678 | D:10     | Found a glowing silver altar of Zin.
 11678 | D:10     | Noticed an angel
 11804 | D:10     | Found a staircase to the Lair.
 12031 | Lair:1   | Entered Level 1 of the Lair of Beasts
 12033 | Lair:1   | Noticed Erica
 12043 | Lair:1   | Killed Erica
 12464 | Lair:1   | Reached skill level 9 in Fighting
 12521 | Lair:1   | Reached XP level 12. HP: 50/66 MP: 12/16
 13038 | Lair:1   | Reached skill level 5 in Invocations
 13472 | Lair:2   | Reached skill level 5 in Shields
 13497 | Lair:2   | Reached **** piety under Qazlal
 13544 | Lair:2   | Noticed Harold
 13553 | Lair:2   | Killed Harold
 13635 | Lair:2   | Noticed a six-headed hydra
 13711 | Lair:2   | Killed a three-headed hydra
 13825 | Lair:2   | Reached skill level 10 in Fighting
 13863 | Lair:2   | Found a staircase to the Snake Pit.
 13981 | Lair:2   | Noticed a boulder beetle
 14006 | Lair:2   | Killed a boulder beetle
 14150 | Lair:2   | Noticed Maggie
 14156 | Lair:2   | Killed Maggie
 14377 | Lair:2   | Found a staircase to the Swamp.
 14456 | Lair:2   | Noticed Gastronok
 14471 | Lair:2   | Killed Gastronok
 14591 | Lair:2   | Noticed a five-headed hydra
 14596 | Lair:2   | Killed a one-headed hydra
 15246 | Lair:3   | Noticed a death yak
 15253 | Lair:3   | Noticed a death yak
 15257 | Lair:3   | Noticed a death yak
 15257 | Lair:3   | Noticed a death yak
 15260 | Lair:3   | Noticed a death yak
 15264 | Lair:3   | Noticed a death yak
 15270 | Lair:2   | Killed a death yak
 15432 | Lair:2   | Killed a death yak
 15433 | Lair:2   | Reached XP level 13. HP: 51/72 MP: 18/18
 15867 | Lair:3   | Noticed Urug
 15875 | Lair:3   | Killed Urug
 16184 | Lair:3   | Reached skill level 1 in Maces & Flails
 16953 | Lair:4   | Reached ***** piety under Qazlal
 17155 | Lair:4   | Reached skill level 1 in Evocations
 17787 | Lair:4   | Reached skill level 11 in Fighting
 18069 | Lair:5   | Entered Level 5 of the Lair of Beasts
 18069 | Lair:5   | Found a staircase to the Slime Pits.
 18069 | Lair:5   | Found a viscous altar of Jiyva.
 18277 | Lair:5   | Reached skill level 5 in Axes
 18408 | Lair:5   | Reached skill level 1 in Throwing
 18939 | Lair:5   | Noticed a dire elephant
 18939 | Lair:5   | Noticed a dire elephant
 18940 | Lair:5   | Noticed a dire elephant
 19293 | Lair:5   | Reached XP level 14. HP: 74/79 MP: 20/20
 20069 | Lair:5   | Killed a dire elephant
 20112 | Lair:5   | Killed a dire elephant
 20206 | Lair:5   | Killed a dire elephant
 20724 | D:11     | Upgraded the game from 0.31-a0-875-g02e7d12df6 to
                  | 0.31-a0-876-gfe8ebadbca
 21983 | D:12     | Noticed Nessos
 22886 | D:12     | Killed Nessos
 23398 | D:12     | Found a staircase to the Orcish Mines.
 23845 | D:12     | Found Viruimug's Book Boutique.
 23929 | Orc:1    | Entered Level 1 of the Orcish Mines
 24372 | Orc:1    | Reached skill level 12 in Fighting
 24517 | Orc:1    | Found a runed translucent gate.
 24517 | Orc:1    | Found a runed translucent gate.
 24517 | Orc:1    | Found a runed translucent gate.
 24600 | Orc:1    | Found Methotag's Book Boutique.
 24619 | Orc:1    | Noticed Hoexzop's ghost (journeyman TrFi)
 24619 | Orc:1    | Noticed Daonol's ghost (journeyman TrBe)
 24619 | Orc:1    | Noticed Sundig's ghost (journeyman MiFi)
 24821 | Orc:2    | Entered Level 2 of the Orcish Mines
 24834 | Orc:2    | Reached skill level 5 in Evocations
 25233 | Orc:2    | Reached skill level 10 in Ranged Weapons
 25570 | Orc:1    | Reached XP level 15. HP: 84/84 MP: 18/21
 25892 | Orc:2    | Found a staircase to the Elven Halls.
 26134 | Orc:2    | Found Aliygiciez's Distillery.
 26134 | Orc:2    | Found Cotoxzall's Assorted Antiques.
 26136 | Orc:2    | Found Hagysk's Assorted Antiques.
 26138 | Orc:2    | Found Yjurph's General Store.
 26466 | Orc:1    | Found Qegiwiwk's Magic Scroll Emporium.
 26562 | Orc:1    | Found Rokker's Assorted Antiques.
 26974 | Orc:2    | Bought a scroll of teleportation for 51 gold pieces
 26979 | Orc:2    | Bought the +5 scale mail of Xieshrot {rF+ Regen+ rCorr} for
                  | 777 gold pieces
 26997 | Orc:2    | Bought a scroll labelled PUSUKA BOMU for 17 gold pieces
 27145 | Orc:1    | Bought an ichor-stained shortbow for 240 gold pieces
 27145 | Orc:1    | Identified the +7 shortbow of Fedd {heavy, Drain Str+7}
                  | (You bought it in a shop on level 1 of the Orcish Mines)
 27324 | D:13     | Found a portal to a secret trove of treasure.
 27806 | D:13     | Reached ****** piety under Qazlal
 27854 | D:13     | Found a gate to the Vaults.
 29127 | D:14     | Noticed Rupert
 29141 | D:14     | Killed Rupert
 29349 | D:14     | Found a frozen archway.
 29382 | D:14     | Found a blossoming altar of Fedhas.
 29612 | D:15     | Entered Level 15 of the Dungeon
 29814 | D:15     | Reached skill level 13 in Fighting
 29941 | D:15     | Found the +12 glaive of Prune {freeze, Prune}
 30072 | D:15     | Found Xumute's Jewellery Shop.
 30081 | D:15     | Bought an amulet of regeneration for 510 gold pieces
 30236 | D:15     | Reached XP level 16. HP: 86/91 MP: 18/22
 30283 | D:15     | Found a staircase to the Depths.
 30763 | Depths:1 | Entered Level 1 of the Depths
 30763 | Depths:1 | Noticed Nikola
 31057 | Swamp:1  | Entered Level 1 of the Swamp
 31524 | Lair:2   | Slain by a bog body

Illustrated notes

Levels and vault maps discovered:
D:1:      wander_arrival_lonely_grave, layout_rooms, serial_shops, shop,
          hellmonk_ecumenical_altar_inner_sanctum
D:2:      layout_rooms, uniq_jessica
D:3:      layout_rooms, mainiacjoe_overflow_catwalk, st_stairs_13,
          minmay_misc_feat_plants, dreamdust_mushroom_princess,
          serial_park_tiny_2, corexii_hall_statues_u, uniq_natasha,
          uniq_crazy_yiuf_cottage
D:4:      layout_loops_corners, nicolae_vehumet_altar_sigil,
          nicolae_qazlal_beasts_of_the_sky, hellmonk_ghost_happy_afterlife
D:5:      layout_gridville, lemuel_doored_altar, minmay_temple_entry_hall,
          nicolae_half_adder, uniq_duvessa
D:6:      layout_cave_pods, biasface_ghost_orc_armoury,
          nicolae_shop_i_like_big_books, corner_web_ring
D:7:      layout_cave_pools, nicolae_overflow_hidden_temple,
          nicolae_hepliaklqana_hazy_memory, okawaru_metal_pillars_1_2
D:8:      layout_gridville, grunt_decor_mini_mirrors, uniq_prince_ribbit1
D:9:      layout_loops_ring, lemuel_mausoleum_altar_kikubaaqudgha, minivault_8
D:10:     layout_basic, zin_angel, lair_entry_dummy, uniq_lodul
D:11:     layout_stronghold
D:12:     layout_cave_pools, kennysheep_orc_monster_closet_entryway,
          serial_shops, kennysheep_mini_moat, uniq_nessos
D:13:     evilmike_horseshoe, layout_basic, erik_vaults_2,
          nicolae_trove_entry_crossroad
D:14:     layout_cave_pools, portal_ice_cave_entry_pillars_four, hex_medium,
          fedhas_altar_3, uniq_rupert
D:15:     hangedman_depths_entry_civil_slaughter, layout_loops_ring,
          minmay_misc_feat_rugged, serial_shops, shop, nrook_campfire,
          minmay_guarded_unrand_prune
Lair:1:   layout_gridlike, minmay_hedge_maze, beast_lair_carwin_4,
          serial_bayou_shore_b, uniq_erica
Lair:2:   layout_regular_city, swamp_mist, guppyfry_snake_entry_garden,
          minivault_26, infiniplex_staircase_pool, uniq_harold, uniq_maggie,
          uniq_gastronok
Lair:3:   layout_roguey, uniq_urug
Lair:4:   layout_roguey, serial_bayou_shore_b, grunt_megastairs_1
Lair:5:   due_jungle_book, layout_loops_ring, slime_entry_1,
          chequers_serial_rivers_micro_c, serial_bayou_lake_a
Swamp:1:  nicolae_swamp_ascending_descending_big, layout_falls_marsh,
          nicolae_swamp_bean_lake, swamp_pool1, infiniplex_staircase_pool_2
Orc:1:    layout_caves, basic_altar, serial_shops,
          nicolae_shop_tiny_statue_garden, shop, shop, gammafunk_ghost_cemetery
Orc:2:    st_orc_rangers, layout_caves
Depths:1: layout_roguey [special_room_morgue], gammafunk_ghost_mausoleum,
          minmay_room_of_horrors, hell_entry, minmay_misc_feat_hallway,
          pan_entry, bh_walls_and_bars, uniq_nikola

Skill      XL: |  1  2  3  4  5  6  7  8  9 10 11 12 13 14 15 16 |
---------------+-------------------------------------------------+-----
Long Blades    | 2 3 4 5 |  5.6
Fighting       | 3 4 5 6 7 9 10 11 12 13 | 13.1
Shields        | 3 4 5 6 7 |  7.3
Armour         | 3 4 5 6 7 8 |  8.3
Ranged Weapons | 1 3 4 6 7 8 9 10 | 10.8
Dodging        | 1 2 3 4 |  4.1
Stealth        | 2 3 4 |  4.6
Invocations    | 1 2 4 6 7 |  7.2
Polearms       | 3 5 6 7 8 9 |  9.7
Axes           | 1 3 4 5 |  5.5
Maces & Flails | 2 3 |  3.8
Evocations     | 2 5 6 7 |  7.1
Throwing       | 1 3 |  3.7

Action                     |  1- 3 |  4- 6 |  7- 9 | 10-12 | 13-15 | 16-18 || total
---------------------------+-------+-------+-------+-------+-------+-------++-------
  Melee: Long sword        |    97 |    97 |   140 |       |       |       ||   334
         Bite              |    27 |    32 |    63 |   119 |   288 |    12 ||   541
         Spear             |       |       |    72 |    97 |     7 |       ||   176
         Punch             |       |       |     3 |     5 |     2 |       ||    10
         War axe           |       |       |       |    74 |    68 |       ||   142
         Halberd           |       |       |       |   118 |   338 |       ||   456
         Dire flail        |       |       |       |     7 |   160 |     3 ||   170
         Great sword       |       |       |       |       |    48 |       ||    48
         Glaive            |       |       |       |       |    52 |    29 ||    81
         Battleaxe         |       |       |       |       |     2 |       ||     2
   Fire: Sling             |       |    23 |       |       |       |       ||    23
         Arbalest          |       |    20 |   130 |   176 |   326 |       ||   652
         Longbow           |       |       |       |       |    74 |    21 ||    95
  Throw: Boomerang         |       |       |       |     2 |    42 |       ||    44
         Throwing net      |       |       |       |       |     6 |       ||     6
 Invoke: Upheaval          |       |       |       |       |     3 |       ||     3
         Elemental Force   |       |       |       |       |     2 |       ||     2
  Evoke: Wand              |       |     2 |     1 |     2 |     2 |       ||     7
         Lightning rod     |       |       |       |       |     9 |       ||     9
         Condenser vane    |       |       |       |       |     2 |       ||     2
         Box of beasts     |       |       |       |       |     1 |       ||     1
    Use: Scroll            |     1 |     8 |     8 |     7 |    22 |       ||    46
         Potion            |       |     1 |     1 |     2 |     6 |       ||    10
   Stab: Invisible         |       |       |       |       |     4 |       ||     4
         Held in net/web   |       |       |       |       |     4 |       ||     4
 Armour: Scale mail        |    59 |   103 |       |       |   216 |    71 ||   449
         Leather armour    |       |     6 |   219 |    42 |       |       ||   267
         Plate armour      |       |       |       |   236 |       |       ||   236
         Chain mail        |       |       |       |    76 |   497 |       ||   573
  Dodge: Dodged            |    41 |    75 |   172 |   209 |   585 |    30 ||  1112
         Repelled          |       |       |       |     1 |    14 |     4 ||    19
  Block: Buckler           |    29 |    28 |       |       |       |       ||    57
         Other             |       |       |    35 |   159 |   380 |    22 ||   596
         Reflection        |       |       |       |     4 |       |       ||     4

Table legend: (Time is in decaauts)
 A = Elapsed time spent in this place.
 B = Non-inter-level travel time spent in this place.
 C = Inter-level travel time spent in this place.
 D = Time resting spent in this place.
 E = Time spent auto-exploring this place.
 F = Levels seen in this place.
 G = Mean time per level.
                   A        B        C        D        E       F      G
               +--------+--------+--------+--------+--------+-----+--------+
         Total |  32173 |  30147 |   2026 |   8290 |   7880 |  24 | 1340.5 |
       Dungeon |  19609 |  18396 |   1213 |   4879 |   5248 |  15 | 1307.3 |
          Lair |   9510 |   8801 |    709 |   2956 |   2070 |   5 | 1902.0 |
         Swamp |    101 |    101 |      0 |      7 |      0 |   1 |  101.0 |
  Orcish Mines |   2950 |   2846 |    104 |    447 |    562 |   2 | 1475.0 |
        Depths |      1 |      1 |      0 |      0 |      0 |   1 |    1.0 |
               +--------+--------+--------+--------+--------+-----+--------+

Top non-repeatable levels by time:
  Lair:2: 2643 daAuts
  Lair:5: 2494 daAuts
     D:9: 2080 daAuts
    D:11: 1811 daAuts
   Orc:2: 1746 daAuts
  Lair:1: 1689 daAuts
    D:12: 1609 daAuts
    D:13: 1550 daAuts
     D:6: 1407 daAuts
  Lair:4: 1399 daAuts
    D:10: 1373 daAuts
     D:3: 1356 daAuts
     D:4: 1308 daAuts
  Lair:3: 1282 daAuts
    D:15: 1278 daAuts
